 Dungeon Crawl Stone Soup version 0.27-a0-1137-g3ef0f4ec91 (webtiles) character file.

Game seed: 12807670783991182900

1 Anon1729 the Skirmisher (level 1, 0/27 HPs)
             Began as a Demonspawn Berserker on May 6, 2021.
             Was a Follower of Trog.
             Slain by a quokka (4 damage)
             ... on level 1 of the Dungeon.
             The game lasted 00:00:04 (104 turns).

Anon1729 the Skirmisher (Demonspawn Berserker)       Turns: 104, Time: 00:00:05

Health: 0/27       AC:  2    Str: 17    XL:     1   Next: 16%
Magic:  1/1        EV:  9    Int:  8    God:    Trog [*.....]
Gold:   0          SH:  0    Dex: 12    Spells: 0/0 levels left

rFire    . . .     SeeInvis .   a - +0 hand axe
rCold    . . .     Faith    .   (no shield)
rNeg     . . .     Spirit   .   b - +0 animal skin
rPois    .         Reflect  .   (no helmet)
rElec    .         Harm     .   (no cloak)
rCorr    .         Rampage  .   (no gloves)
Will     .....                  (no boots)
Stlth    ..........             (no amulet)
HPRegen  0.09/turn              (no ring)
MPRegen  0.07/turn              (no ring)

@: berserking, constricted, very quick
A: no striking features
a: Renounce Religion, Berserk


You were on level 1 of the Dungeon.
You worshipped Trog.
Trog was aware of your devotion.
You visited 1 branch of the dungeon, and saw 1 of its levels.

Inventory:

Hand Weapons
 a - a +0 hand axe (weapon)
Armour
 b - a +0 animal skin (worn)
Scrolls
 c - a scroll of enchant weapon {unknown}
Potions
 d - a potion of degeneration {unknown}


   Skills:
 + Level 3.0 Fighting
 + Level 2.7 Axes
 + Level 1.8 Armour
 + Level 1.8 Dodging


You couldn't memorise any spells.
You didn't know any spells.
Your spell library was empty.

Dungeon Overview and Level Annotations

Branches:
Dungeon (1/15)

Altars:


Message History

A ball python and a rat come into view.
The ball python hisses angrily.
There are monsters nearby!
There are monsters nearby!
A quokka comes into view.
Found a scroll labelled VAER QO OME VOI.
You closely miss the ball python. The ball python closely misses you. x2
You barely miss the ball python. The ball python closely misses you.
The ball python grabs you. The ball python constricts you.
The ball python barely misses you. The ball python constricts you.
The rat barely misses you.
You barely miss the ball python. You hit the rat but do no damage.
The ball python closely misses you. The ball python constricts you.
The rat bites you.
You completely miss the ball python. You hit the quokka. You hit the rat.
You kill the rat!
Trog accepts your kill. The ball python barely misses you.
The ball python constricts you. The quokka bites you.
You hit the ball python.
The ball python is moderately wounded.
You miss the quokka. The ball python bites you. The ball python constricts you.
The quokka bites you. The ball python bites you.
* * * LOW HITPOINT WARNING * * *
x2 The ball python constricts you.
The quokka bites you but does no damage.
You are too injured to fight recklessly!
You are too injured to fight recklessly!
You are too injured to fight recklessly!
You are too injured to fight recklessly!
You are too injured to fight recklessly!
You are too injured to fight recklessly!
You are too injured to fight recklessly!
There are monsters nearby!
There are monsters nearby!
A red film seems to cover your vision as you go berserk!
You feel yourself moving faster!
You feel mighty! The ball python bites you.
* * * LOW HITPOINT WARNING * * *
The ball python constricts you. The quokka bites you.
You die...

?.#####.#
.....#.##
#.......
....#.#
#.....#
#.....#
#.rS).# .#
..###..@..#
#.#
..........#
#..
#......?..#
#.#
#....###..#
#.# ##.##
#..# #.# ..
#..###.# .
#......##
#.......#
##.####.#


You could see a quokka and a ball python.

Vanquished Creatures
  A frilled lizard (D:1)
  A rat (D:1)
2 creatures vanquished.

Notes
Turn   | Place    | Note
-------+----------+-------------------------------------------
     0 | D:1      | Anon1729 the Demonspawn Berserker began the quest for the
                  | Orb.
     0 | D:1      | Reached XP level 1. HP: 18/18 MP: 1/1
   104 | D:1      | Slain by a quokka

Illustrated notes

Levels and vault maps discovered:
D:1:      scummos_arrival_checkerplants, layout_basic

Action                   || total
-------------------------++-------
Melee: Hand axe          ||     9
Invok: Berserk           ||     1
Armor: Animal skin       ||     1
Dodge: Dodged            ||    10

Table legend: (Time is in decaauts)
 A = Elapsed time spent in this place.
 B = Non-inter-level travel time spent in this place.
 C = Inter-level travel time spent in this place.
 D = Time resting spent in this place.
 E = Time spent auto-exploring this place.
 F = Levels seen in this place.
 G = Mean time per level.
                   A        B        C        D        E       F      G
               +--------+--------+--------+--------+--------+-----+--------+
         Total |    105 |    105 |      0 |      0 |     85 |   1 |  105.0 |
       Dungeon |    105 |    105 |      0 |      0 |     85 |   1 |  105.0 |
               +--------+--------+--------+--------+--------+-----+--------+

Top non-repeatable levels by time:
     D:1: 105 daAuts
